 Dungeon Crawl Stone Soup version 0.26-a0-631-ged93497179 (webtiles) character file.

Game seed: 15585596401865208959

55 DogServant the Ruffian (level 3, 7/32 HPs)
             Began as a Naga Transmuter on Sept 11, 2020.
             Quit the game on level 2 of the Dungeon.
             The game lasted 00:03:16 (2139 turns).

DogServant the Ruffian (Naga Transmuter)            Turns: 2139, Time: 00:03:17

Health: 7/32       AC:  2    Str: 13    XL:     3   Next: 93%
Magic:  5/6        EV: 10    Int: 13    God:
Gold:   58         SH:  0    Dex: 11    Spells: 5/6 levels left

rFire    . . .     SeeInvis +     - Unarmed
rCold    . . .     Faith    .   (no shield)
rNeg     . . .     Spirit   .   a - +0 robe
rPois    +         Reflect  .   (no helmet)
rElec    .         Harm     .   (no cloak)
rCorr    .         Rampage  .   (no gloves)
MR       .....                  (no barding)
Stlth    +.........             (no amulet)
HPRegen  0.10/turn              (no ring)
MPRegen  0.10/turn              (no ring)

@: mildly poisoned (7 -> 6), very slow
A: large, see invisible, deformed body, poison resistance, slowness 2, spit
poison 1, AC +1
a: Spit Poison


You were on level 2 of the Dungeon.
You visited 1 branch of the dungeon, and saw 2 of its levels.

You collected 58 gold pieces.

Inventory:

Missiles
 c - 4 datura-tipped darts (quivered)
 j - 19 poisoned darts
Armour
 a - a +0 robe (worn)
Jewellery
 d - an uncursed ring of see invisible {unknown}
Scrolls
 e - 2 scrolls of identify {unknown}
 h - a scroll of remove curse {unknown}
 i - a scroll of teleportation {unknown}
Potions
 b - a potion of might {unknown}
 f - 2 potions of brilliance {unknown}
 g - a potion of lignification {unknown}
 k - a potion of curing {unknown}


   Skills:
 + Level 1.7 Fighting
 + Level 2.0 Dodging
 * Level 3.8 Unarmed Combat
 - Level 2.0 Spellcasting
 + Level 2.4 Transmutations


You had 5 spell levels left.
You knew the following spells:

 Your Spells              Type           Power        Failure   Level
a - Beastly Appendage     Tmut           #.....       10%         1

Your spell library contained the following spells:

 Spells                   Type           Power        Failure   Level
 Wereblood                Tmut           #.......     14%         2
 Spider Form              Tmut/Pois      #.........   43%         3
 Ice Form                 Ice/Tmut       #.......     83%         4
 Blade Hands              Tmut           #.........   95%         5


Dungeon Overview and Level Annotations

Branches:
Dungeon (2/15)

Altars:
Trog


Innate Abilities, Weirdness & Mutations

You cannot wear boots.
Your serpentine skin is tough. (AC +1)
You have supernaturally acute eyesight. (SInv)
Armour fits poorly on your strangely shaped body.
Your system is resistant to poisons. (rPois)
You cover ground very slowly.
You can spit poison.


Message History

Your magical contamination has completely faded away.
Your transformation is almost over.
You feel sick. The bat hits you but does no damage.
The adder completely misses you. The ogre barely misses you.
The adder bites you. The bat hits you but does no damage.
The rat twitches its whiskers.
The rat barely misses you. The adder barely misses you.
The rat barely misses you. The bat hits you.
You feel sick. The bat misses you. The adder closely misses you.
The adder bites you. The rat bites you. The adder bites you.
Your horns disappear.
You feel sick. The adder bites you but does no damage.
The bat barely misses you. The rat bites you but does no damage.
The adder bites you.
* * * LOW HITPOINT WARNING * * *
Unknown command.
Are you sure you want to abandon this character and quit the game? (Confirm with "yes".)

#...........#...#
#.####.##.?....## #
#..........(..
#.##[#.##...#####
#................
#..#.#..#.#.#.###
#..#.#.b#.#.#.# #
#.##.......OSr.#....
#.......#..@.....#
#.##...##..........#.##
#.>.........##†##### #
#..#...##..###.#####.#
#..##. ..............#
#..## ########.#######
#..###########.#
#............#.#
.(.......###.#.#


You could see an ogre, an adder, a bat and a rat.

Vanquished Creatures
  2 adders (D:2)
  An ooze (D:1)
  A worm (D:2)
  A dart slug (D:1)
  2 leopard geckos
  A bat (D:2)
  2 goblins (D:1)
  5 hobgoblins
  3 kobolds
  A quokka (D:2)
  3 frilled lizards
  3 rats
25 creatures vanquished.

Notes
Turn   | Place    | Note
-------+----------+-------------------------------------------
     0 | D:1      | DogServant the Naga Transmuter began the quest for the Orb.
     0 | D:1      | Reached XP level 1. HP: 18/18 MP: 3/3
   455 | D:1      | Reached XP level 2. HP: 2/25 MP: 1/5
  1541 | D:2      | Reached XP level 3. HP: 15/31 MP: 4/6
  1929 | D:2      | Found a bloodstained altar of Trog.
  2123 | D:2      | Noticed an ogre
  2139 | D:2      | Quit the game

Illustrated notes

Levels and vault maps discovered:
D:1:      lightli_arrival_noodles, layout_loops_corners,
          minmay_misc_feat_hallway, corexii_item_surrounded_by_moat
D:2:      layout_loops_ring, overflow_temple_1_default, marbit_many_paths

Skill      XL: |  1  2  3 |
---------------+----------+-----
Dodging        | 2 |  2.0
Fighting       | |  1.7
Unarmed Combat | |  3.8
Spellcasting   | |  2.0
Transmutations | |  2.4

Action                   || total
-------------------------++-------
Melee: Unarmed           ||    90
       Headbutt          ||     8
       Punch             ||     1
 Cast: Beastly Appendage ||    17
 Stab: Sleeping          ||     1
Armor: Robe              ||    20
Dodge: Dodged            ||    51

Table legend: (Time is in decaauts)
 A = Elapsed time spent in this place.
 B = Non-inter-level travel time spent in this place.
 C = Inter-level travel time spent in this place.
 D = Time resting spent in this place.
 E = Time spent auto-exploring this place.
 F = Levels seen in this place.
 G = Mean time per level.
                   A        B        C        D        E       F      G
               +--------+--------+--------+--------+--------+-----+--------+
         Total |   2483 |   2474 |      9 |    823 |   1407 |   2 | 1241.5 |
       Dungeon |   2483 |   2474 |      9 |    823 |   1407 |   2 | 1241.5 |
               +--------+--------+--------+--------+--------+-----+--------+

Top non-repeatable levels by time:
     D:1: 1814 daAuts
     D:2: 669 daAuts
